cohdb
Replays
Latest Replays
All Replays
Popular Replays
Top Player Replays
Match Explorer
How It Works
Community
CoH3 Stats
Reddit
Sign in to upload your games and track your stats! →
Sign in with Steam
Match 42346950
Unlisted
Match 42346950
Overview
Messages
Build Orders
End
Panzergrenadier Squad
Selects Panzerjäger Kommand Battlegroup
Selects Mine Fields
Kradschützen Motorcycle Team
Panzergrenadier Squad
Panzerpioneer Squad
250 Light Carrier
Selects GrB 39 Grenade Launcher Requisition
Construct Light Support Kompanie
Combat Half-tracks
Fire Support Elements
Flakvierling Half-track
Agerabytes
saephy
DEFINITELY ARNOLD
Foreskin
0
0
Comments
sign in to comment!
No comments posted yet!